 Dungeon Crawl Stone Soup version 0.29-a0-732-g3d7fbe0af2 (webtiles) character file.

Game seed: 4779172636356131898

200 zeratav the Skirmisher (level 5, -1/25 HPs)
             Began as a Spriggan Hunter on June 29, 2022.
             Killed by divine providence
             ... invoked by an orc priest
              (15 damage)
             ... on level 4 of the Dungeon.
             The game lasted 00:02:56 (2596 turns).

zeratav the Skirmisher (Spriggan Hunter)            Turns: 2596, Time: 00:02:56

Health: -1/25      AC:  2    Str:  7    XL:     5   Next: 48%
Magic:  6/6        EV: 18    Int: 10    God:
Gold:   225        SH:  0    Dex: 21    Spells: 4/4 levels left

rFire   . . .      SeeInvis +   a - +0 shortbow {bow}
rCold   . . .      Faith    .   (shield currently unavailable)
rNeg    . . .      Spirit   .   c - +0 robe
rPois   .          Reflect  .   (helmet restricted)
rElec   .          Harm     .   (no cloak)
rCorr   .          Rampage  .   (gloves unavailable)
Will    .....                   (boots unavailable)
Stlth   ++........              (no amulet)
HPRegen 0.08/turn               (no ring)
MPRegen 0.10/turn               (no ring)

@: very quick
A: very small, no large weapons, unfitting armour, see invisible, speed 3
a: no special abilities


You were on level 4 of the Dungeon.
You visited 1 branch of the dungeon, and saw 4 of its levels.

You collected 225 gold pieces.


Innate Abilities, Weirdness & Mutations

You are very small and have problems with some larger weapons.
You are too small for most types of armour.
You have supernaturally acute eyesight. (SInv)
You cover ground extremely quickly. (Speed+++)


   Skills:
 - Level 1.5 Fighting
 + Level 8.2 Ranged Weapons
 - Level 2.6 Dodging
 - Level 1.5 Stealth


You had 4 spell levels left.
You didn't know any spells.
Your spell library contained the following spells:

 Spells                   Type           Power      Damage    Failure   Level
 Ensorcelled Hibernation  Hex/Ice        0%         N/A       50%         2
 Spider Form              Tmut/Pois      0%         N/A       75%         3
 Anguish                  Hex/Necr       0%         N/A       98%         4

Inventory:

Hand Weapons
 a - a +0 shortbow (weapon) {bow}
 t - a +1 dagger of draining {short}
   (You found it on level 3 of the Dungeon)
Armour
 c - a +0 robe (worn)
Scrolls
 b - a scroll of immolation {!r!r}
 d - a scroll of poison {unknown}
 e - 2 scrolls of torment {unknown}
 f - a scroll of teleportation {unknown}
 g - 6 scrolls of identify {unknown}
 h - a scroll of fog {unknown}
 l - 2 scrolls of noise {unknown}
 o - a scroll of enchant weapon {unknown}
 q - a scroll of magic mapping {unknown}
Potions
 i - a potion of might {unknown}
 j - a potion of haste {unknown}
 k - a potion of ambrosia {unknown}
 m - a potion of berserk rage {unknown}
 n - a potion of mutation {unknown}
 p - a potion of lignification {unknown}
 r - 2 potions of attraction {unknown}
 s - a potion of curing {unknown}
 u - 2 potions of degeneration {unknown}
 v - a potion of brilliance {unknown}

Dungeon Overview and Level Annotations

Branches:
Dungeon (4/15) Zot: 22193
 Temple: D:4-7

Altars:
The Shining One

Shops:
D:1

:
#.#####..####
?! #..#
...#..##
..#...########
#)##........#
..#.#....###.
#... #†##..##
...# ..#o#...#
..# #.. #@##.#
.. ##...#?#.#
##.. ##.# #..
..# #.. ...
#.# ... #.
#### ..


You could see an orc priest.


Message History

r - 2 metallic puce potions (gained 1)
There is a stone staircase leading up here.
Done exploring.
Done exploring.
(D) Dungeon
Where to? (Enter - D:3, ? - help)
There is a stone staircase leading down here.
You climb downwards.
You hear the sound of rushing water.
There is an entrance to a sewer on this level.
Hurry and find it before the portal rusts away!
There is a stone staircase leading up here.
v - a viscous brown potion
There is a stone staircase leading up here.
A goblin comes into view. It is wielding a +0 dagger.
A goblin is nearby!
You shoot an arrow. The arrow hits the goblin.
You kill the goblin!
No target in view!
No target in view!
No target in view!
Things that are here:
a +0 dagger {short}; a goblin corpse An endoplasm comes into view.
An endoplasm is nearby!
You shoot an arrow. The arrow hits the endoplasm.
The endoplasm quivers.
You shoot an arrow. The arrow hits the endoplasm.
You shoot an arrow.
The arrow hits the endoplasm but does no damage.
You shoot an arrow. The arrow barely misses the endoplasm.
You shoot an arrow. The arrow barely misses the endoplasm.
You shoot an arrow.
The arrow hits the endoplasm but does no damage.
You shoot an arrow. The arrow hits the endoplasm.
You kill the endoplasm!
You now have 219 gold pieces (gained 12).
u - 2 clear potions (gained 1)
You now have 225 gold pieces (gained 6).
You hear the slow rusting of a distant drain.
e - 2 scrolls labelled MIS AGHUINE (gained 1)
A gnoll, a ball python, an iguana and 2 endoplasms come into view.
The ball python hisses angrily.
The endoplasm quivers.
The gnoll shouts!
The iguana hisses angrily.
The endoplasm quivers.
You hear a shout!
You shoot an arrow. The arrow hits the endoplasm!
You kill the endoplasm!
You hear a shout!
The iguana hisses menacingly.
You shoot an arrow. The arrow hits the iguana!
You shoot an arrow. The arrow hits the iguana!
The iguana misses you.
You shoot an arrow.
The arrow hits the iguana but does no damage.
The iguana closely misses you. The iguana barely misses you.
You shoot an arrow. The arrow closely misses the iguana.
The arrow hits the ball python!
You kill the ball python!
You hear a shout!
The iguana closely misses you.
The endoplasm jiggles.
You shoot an arrow. The arrow hits the iguana.
You kill the iguana!
An orc priest comes into view. It is wielding a +0 short sword.
Your Ranged Weapons skill increases to level 8!
You shoot an arrow. The arrow barely misses the gnoll.
The arrow hits the endoplasm!
You kill the endoplasm!
The gnoll barely misses you.
You shoot an arrow. The arrow closely misses the gnoll.
The arrow closely misses the orc priest.
The gnoll completely misses you.
You shoot an arrow. The arrow hits the gnoll!
The gnoll hits you but does no damage.
You shoot an arrow. The arrow hits the gnoll.
You kill the gnoll!
An orc comes into view. It is wielding a +0 morningstar.
You shoot an arrow. The arrow barely misses the orc priest.
The arrow hits the orc!
You kill the orc!
The orc priest hits you with a +0 short sword.
HP[-5]
You take 5 damage, and now have 20/25 hp.
You shoot an arrow. The arrow barely misses the orc priest.
The orc priest hits you with a +0 short sword.
HP[-4]
You take 4 damage, and now have 16/25 hp.
You shoot an arrow.
The arrow hits the orc priest but does no damage.
The orc priest hits you with a +0 short sword.
HP[-3]
You take 3 damage, and now have 13/25 hp.
You shoot an arrow. The arrow hits the orc priest.
The orc priest barely misses you.
HP[+1]
You shoot an arrow. The arrow hits the orc priest!
The orc priest mumbles some strange prayers to Beogh against you.
Beogh smites you!
Ouch! That really hurt!
You die...

Skill      XL: |  1  2  3  4  5 |
---------------+----------------+-----
Ranged Weapons | 5 6 7 8 |  8.2
Fighting       | |  1.5
Dodging        | |  2.6
Stealth        | |  1.5

Action                   |  1- 3 |  4- 6 || total
-------------------------+-------+-------++-------
 Fire: Shortbow          |    84 |    87 ||   171
Armor: Robe              |     5 |     4 ||     9
Dodge: Dodged            |    24 |    20 ||    44

Levels and vault maps discovered:
D:1:      dpeg_arrival_orchard, layout_loops_ring, serial_shops, shop_fountains
D:2:      layout_basic, shapermc_ecumenical_altar_mp_vishouse, basic_altar
D:3:      layout_basic
D:4:      layout_loops_corners, minmay_temple_entry_poolview,
          gup_sewer_entry_bowl, minmay_vboxes

Notes
Turn   | Place    | Note
-------+----------+-------------------------------------------
     0 | D:1      | zeratav the Spriggan Hunter began the quest for the Orb.
     0 | D:1      | Reached XP level 1. HP: 10/10 MP: 2/2
     0 | D:1      | magus.rc [v1.9.6]
    17 | D:1      | Reached skill level 5 in Ranged Weapons
    67 | D:1      | Reached XP level 2. HP: 14/14 MP: 3/3
   416 | D:1      | Found Murituim's Book Shop.
   667 | D:2      | Reached skill level 6 in Ranged Weapons
   667 | D:2      | Reached XP level 3. HP: 15/18 MP: 4/4
  1074 | D:2      | Reached XP level 4. HP: 22/22 MP: 5/5
  1158 | D:2      | Found a glowing golden altar of the Shining One.
  1387 | D:2      | You pick up a book of Dreams and begin reading...
  1387 | D:2      | You add the spells Ensorcelled Hibernation, Spider Form and
                  | Anguish to your library.
  1456 | D:2      | Found a faded altar of an unknown god.
  1868 | D:3      | Reached skill level 7 in Ranged Weapons
  2238 | D:3      | Reached XP level 5. HP: 25/25 MP: 6/6
  2588 | D:4      | Reached skill level 8 in Ranged Weapons
  2596 | D:4      | Killed from afar by an orc priest

Vanquished Creatures
  An orc priest (D:3)
  An iguana (D:4)
  An orc wizard (D:3)
  4 gnolls
  2 adders
  A worm (D:2)
  3 orcs
  5 endoplasms
  2 giant cockroaches (D:1)
  6 goblins
  3 hobgoblins
  3 jackals (D:1)
  5 kobolds
  3 quokkas
  5 ball pythons
  5 bats
  5 frilled lizards
  5 rats
60 creatures vanquished.

Table legend:
 A = Non-vault XP
 B = Vault XP
 C = Vault XP percentage of total XP
 D = Non-vault monster count
 E = Vault monster count
 F = Vault count percentage of total count
                 A         B        C        D         E       F
            +---------+---------+-------+---------+---------+-------
      Total |     227 |      59 |  20.6 |      54 |       6 |  10.0
            +---------+---------+-------+---------+---------+-------
        D:1 |      47 |       0 |   0.0 |      20 |       0 |   0.0
        D:2 |      64 |       0 |   0.0 |      15 |       0 |   0.0
        D:3 |     112 |       0 |   0.0 |      17 |       0 |   0.0
        D:4 |       4 |      59 |  93.7 |       2 |       6 |  75.0
            +---------+---------+-------+---------+---------+-------

Illustrated notes

Table legend:
 A = Kills in this place as a percentage of kills in entire the game.
 B = Kills by you in this place as a percentage of kills by you in the entire game.
 C = Kills by friends in this place as a percentage of kills by friends in the entire game.
 D = Other kills in this place as a percentage of other kills in the entire game.
 E = Experience gained in this place as a percentage of experience gained in the entire game.
 F = Experience gained in this place divided by the number of levels of this place that you have seen.
                   A       B       C       D       E      F
               +-------+-------+-------+-------+-------+----------------------
         Total | 100.0 | 100.0 |   N/A |   N/A | 100.0 |  71.5
       Dungeon | 100.0 | 100.0 |   N/A |   N/A | 100.0 |  71.5
               +-------+-------+-------+-------+-------+----------------------

Table legend: (Time is in decaauts)
 A = Elapsed time spent in this place.
 B = Non-inter-level travel time spent in this place.
 C = Inter-level travel time spent in this place.
 D = Time resting spent in this place.
 E = Time spent auto-exploring this place.
 F = Levels seen in this place.
 G = Mean time per level.
                   A        B        C        D        E       F      G
               +--------+--------+--------+--------+--------+-----+--------+
         Total |   1805 |   1763 |     42 |    222 |   1247 |   4 |  451.2 |
       Dungeon |   1805 |   1763 |     42 |    222 |   1247 |   4 |  451.2 |
               +--------+--------+--------+--------+--------+-----+--------+

Top non-repeatable levels by time:
     D:1: 685 daAuts
     D:2: 539 daAuts
     D:3: 500 daAuts
     D:4: 79 daAuts
